Workbook
Name tc: 'Resumen dolarizado'!$N$8

Sheet Listado de deudas 
B2: Herramienta para la administración de deudas
A7: En la siguiente tabla podrás incluir información relevante de las deudas vigentes que tiene tu negocio. La información debes incluirla sólo en las celdas grises, las rojas tienen texto o fórmulas para realizar cálculos automáticos. No debes modificar las rojas. Al posicionarte en las celdas que dan nombre a cada columna, se desplegará una nota explicativa.
A11: Código de operación | B11: Acreedor | C11: Propósito del crédito | D11: Moneda | E11: Monto inicial | F11: Tasa mensual | G11: Abono | H11: Intereses | I11: Otros gastos | J11: Cuota mensual | K11: Saldo actual | L11: Plazo en meses | M11: Cuotas pagadas
A12: 1 | B12: Xxxx | E12: 0 | F12: 0 | G12: 0 | H12: 0 | I12: 0 | J12: =SUM(G12:I12) -> 0 | K12: 0
A13: 2 | B13: Xxxx | E13: 0 | F13: 0 | G13: 0 | H13: 0 | I13: 0 | J13: =SUM(G13:I13) -> 0 | K13: 0
A14: 3 | B14: Xxxx | E14: 0 | F14: 0 | G14: 0 | H14: 0 | I14: 0 | J14: =SUM(G14:I14) -> 0 | K14: 0
A15: 4 | B15: Xxxx | E15: 0 | F15: 0 | G15: 0 | H15: 0 | I15: 0 | J15: =SUM(G15:I15) -> 0 | K15: 0
A16: 5 | B16: Xxxx | E16: 0 | F16: 0 | G16: 0 | H16: 0 | I16: 0 | J16: =SUM(G16:I16) -> 0 | K16: 0
A17: 6 | B17: Xxxx | E17: 0 | F17: 0 | G17: 0 | H17: 0 | I17: 0 | J17: =SUM(G17:I17) -> 0 | K17: 0
A18: 7 | B18: Xxxx | E18: 0 | F18: 0 | G18: 0 | H18: 0 | I18: 0 | J18: =SUM(G18:I18) -> 0 | K18: 0
A19: 8 | B19: Xxxx | E19: 0 | F19: 0 | G19: 0 | H19: 0 | I19: 0 | J19: =SUM(G19:I19) -> 0 | K19: 0
A20: 9 | B20: Xxxx | E20: 0 | F20: 0 | G20: 0 | H20: 0 | I20: 0 | J20: =SUM(G20:I20) -> 0 | K20: 0
A21: 10 | B21: Xxxx | E21: 0 | F21: 0 | G21: 0 | H21: 0 | I21: 0 | J21: =SUM(G21:I21) -> 0 | K21: 0
B24: BAC presenta esta información con fines exclusivamente educativos e informativos como una serie de recomendaciones no técnicas para las pymes de Guatemala, El Salvador, Honduras, Nicaragua, Costa Rica y Panamá. Este contenido no constituye asesoría legal, tributaria, comercial, financiera ni de ninguna otra naturaleza. BAC no otorga garantías sobre la exactitud, integridad o actualidad de la información y no asume responsabilidad alguna por las decisiones o acciones adoptadas con base en este documento. La consulta o utilización de este material no implica la aprobación, precalificación ni el otorgamiento de productos o servicios financieros por parte de BAC. La contratación o adquisición de cualquier producto o servicio financiero estará sujeta a las políticas, requisitos y evaluaciones aplicables en cada país. Te recomendamos visitar www.baccredomatic.com para conocer más sobre los productos/servicios a los que puedes aplicar.

Sheet Resumen dolarizado
C3: Herramienta para la administración de deudas - Resumen dolarizado
A7: En este resumen lo único que debes hacer es ingresar el tipo de cambio de tu moneda local a dólares en la celda N8. Aparte de eso, no es necesario que digites nuevos datos, toda la información de la tabla "Listado de deudas" ha sido copiada y los montos se han convertido a dólares. La idea es que compares las deudas en una misma moneda y decidas a cuáles hacer abonos extraordinarios. Para esto puedes utilizar tres criterios: 1. Hacer abonos extraordinarios de forma prioritaria a la deuda que tenga el saldo más bajo para aumentar la liquidez. 2. Hacer abonos extraordinarios a la deuda que tenga la tasa más alta para reducir los costos. 3. Hacer abonos extraordinarios de forma prioritaria a las deudas con personas para aumentar la formalidad del negocio. | N7: Tipo de cambio
N8: 1 | P8: Ingresa aquí el tipo de cambio
A10: Código de operación | B10: Acreedor | C10: Propósito del crédito | D10: Monto inicial | E10: Tasa mensual | F10: Abono | G10: Intereses | H10: Otros gastos | I10: Cuota mensual | J10: Saldo actual | K10: Plazo en meses | L10: Cuotas pagadas | M10: Cuotas restantes | N10: % de avance
A11: =+'Listado de deudas '!A12 -> 1 | B11: =+'Listado de deudas '!B12 -> Xxxx | C11: =+'Listado de deudas '!C12 -> 0 | D11: =IF('Listado de deudas '!$D12="Dólares",'Listado de deudas '!E12,'Listado de deudas '!E12/tc) -> 0 | E11: =+'Listado de deudas '!F12 -> 0 | F11: =IF('Listado de deudas '!$D12="Dólares",'Listado de deudas '!G12,'Listado de deudas '!G12/tc) -> 0 | G11: =IF('Listado de deudas '!$D12="Dólares",'Listado de deudas '!H12,'Listado de deudas '!H12/tc) -> 0 | H11: =IF('Listado de deudas '!$D12="Dólares",'Listado de deudas '!I12,'Listado de deudas '!I12/tc) -> 0 | I11: =+F11+G11+H11 -> 0 | J11: =IF('Listado de deudas '!$D12="Dólares",'Listado de deudas '!K12,'Listado de deudas '!K12/tc) -> 0 | K11: =+'Listado de deudas '!L12 -> 0 | L11: =+'Listado de deudas '!M12 -> 0 | M11: =+K11-L11 -> 0 | N11: =+L11/K11 -> #DIV/0!
A12: =+'Listado de deudas '!A13 -> 2 | B12: =+'Listado de deudas '!B13 -> Xxxx | C12: =+'Listado de deudas '!C13 -> 0 | D12: =IF('Listado de deudas '!$D13="Dólares",'Listado de deudas '!E13,'Listado de deudas '!E13/tc) -> 0 | E12: =+'Listado de deudas '!F13 -> 0 | F12: =IF('Listado de deudas '!$D13="Dólares",'Listado de deudas '!G13,'Listado de deudas '!G13/tc) -> 0 | G12: =IF('Listado de deudas '!$D13="Dólares",'Listado de deudas '!H13,'Listado de deudas '!H13/tc) -> 0 | H12: =IF('Listado de deudas '!$D13="Dólares",'Listado de deudas '!I13,'Listado de deudas '!I13/tc) -> 0 | I12: =+F12+G12+H12 -> 0 | J12: =IF('Listado de deudas '!$D13="Dólares",'Listado de deudas '!K13,'Listado de deudas '!K13/tc) -> 0 | K12: =+'Listado de deudas '!L13 -> 0 | L12: =+'Listado de deudas '!M13 -> 0 | M12: =+K12-L12 -> 0 | N12: =+L12/K12 -> #DIV/0!
A13: =+'Listado de deudas '!A14 -> 3 | B13: =+'Listado de deudas '!B14 -> Xxxx | C13: =+'Listado de deudas '!C14 -> 0 | D13: =IF('Listado de deudas '!$D14="Dólares",'Listado de deudas '!E14,'Listado de deudas '!E14/tc) -> 0 | E13: =+'Listado de deudas '!F14 -> 0 | F13: =IF('Listado de deudas '!$D14="Dólares",'Listado de deudas '!G14,'Listado de deudas '!G14/tc) -> 0 | G13: =IF('Listado de deudas '!$D14="Dólares",'Listado de deudas '!H14,'Listado de deudas '!H14/tc) -> 0 | H13: =IF('Listado de deudas '!$D14="Dólares",'Listado de deudas '!I14,'Listado de deudas '!I14/tc) -> 0 | I13: =+F13+G13+H13 -> 0 | J13: =IF('Listado de deudas '!$D14="Dólares",'Listado de deudas '!K14,'Listado de deudas '!K14/tc) -> 0 | K13: =+'Listado de deudas '!L14 -> 0 | L13: =+'Listado de deudas '!M14 -> 0 | M13: =+K13-L13 -> 0 | N13: =+L13/K13 -> #DIV/0!
A14: =+'Listado de deudas '!A15 -> 4 | B14: =+'Listado de deudas '!B15 -> Xxxx | C14: =+'Listado de deudas '!C15 -> 0 | D14: =IF('Listado de deudas '!$D15="Dólares",'Listado de deudas '!E15,'Listado de deudas '!E15/tc) -> 0 | E14: =+'Listado de deudas '!F15 -> 0 | F14: =IF('Listado de deudas '!$D15="Dólares",'Listado de deudas '!G15,'Listado de deudas '!G15/tc) -> 0 | G14: =IF('Listado de deudas '!$D15="Dólares",'Listado de deudas '!H15,'Listado de deudas '!H15/tc) -> 0 | H14: =IF('Listado de deudas '!$D15="Dólares",'Listado de deudas '!I15,'Listado de deudas '!I15/tc) -> 0 | I14: =+F14+G14+H14 -> 0 | J14: =IF('Listado de deudas '!$D15="Dólares",'Listado de deudas '!K15,'Listado de deudas '!K15/tc) -> 0 | K14: =+'Listado de deudas '!L15 -> 0 | L14: =+'Listado de deudas '!M15 -> 0 | M14: =+K14-L14 -> 0 | N14: =+L14/K14 -> #DIV/0!
A15: =+'Listado de deudas '!A16 -> 5 | B15: =+'Listado de deudas '!B16 -> Xxxx | C15: =+'Listado de deudas '!C16 -> 0 | D15: =IF('Listado de deudas '!$D16="Dólares",'Listado de deudas '!E16,'Listado de deudas '!E16/tc) -> 0 | E15: =+'Listado de deudas '!F16 -> 0 | F15: =IF('Listado de deudas '!$D16="Dólares",'Listado de deudas '!G16,'Listado de deudas '!G16/tc) -> 0 | G15: =IF('Listado de deudas '!$D16="Dólares",'Listado de deudas '!H16,'Listado de deudas '!H16/tc) -> 0 | H15: =IF('Listado de deudas '!$D16="Dólares",'Listado de deudas '!I16,'Listado de deudas '!I16/tc) -> 0 | I15: =+F15+G15+H15 -> 0 | J15: =IF('Listado de deudas '!$D16="Dólares",'Listado de deudas '!K16,'Listado de deudas '!K16/tc) -> 0 | K15: =+'Listado de deudas '!L16 -> 0 | L15: =+'Listado de deudas '!M16 -> 0 | M15: =+K15-L15 -> 0 | N15: =+L15/K15 -> #DIV/0!
A16: =+'Listado de deudas '!A17 -> 6 | B16: =+'Listado de deudas '!B17 -> Xxxx | C16: =+'Listado de deudas '!C17 -> 0 | D16: =IF('Listado de deudas '!$D17="Dólares",'Listado de deudas '!E17,'Listado de deudas '!E17/tc) -> 0 | E16: =+'Listado de deudas '!F17 -> 0 | F16: =IF('Listado de deudas '!$D17="Dólares",'Listado de deudas '!G17,'Listado de deudas '!G17/tc) -> 0 | G16: =IF('Listado de deudas '!$D17="Dólares",'Listado de deudas '!H17,'Listado de deudas '!H17/tc) -> 0 | H16: =IF('Listado de deudas '!$D17="Dólares",'Listado de deudas '!I17,'Listado de deudas '!I17/tc) -> 0 | I16: =+F16+G16+H16 -> 0 | J16: =IF('Listado de deudas '!$D17="Dólares",'Listado de deudas '!K17,'Listado de deudas '!K17/tc) -> 0 | K16: =+'Listado de deudas '!L17 -> 0 | L16: =+'Listado de deudas '!M17 -> 0 | M16: =+K16-L16 -> 0 | N16: =+L16/K16 -> #DIV/0!
A17: =+'Listado de deudas '!A18 -> 7 | B17: =+'Listado de deudas '!B18 -> Xxxx | C17: =+'Listado de deudas '!C18 -> 0 | D17: =IF('Listado de deudas '!$D18="Dólares",'Listado de deudas '!E18,'Listado de deudas '!E18/tc) -> 0 | E17: =+'Listado de deudas '!F18 -> 0 | F17: =IF('Listado de deudas '!$D18="Dólares",'Listado de deudas '!G18,'Listado de deudas '!G18/tc) -> 0 | G17: =IF('Listado de deudas '!$D18="Dólares",'Listado de deudas '!H18,'Listado de deudas '!H18/tc) -> 0 | H17: =IF('Listado de deudas '!$D18="Dólares",'Listado de deudas '!I18,'Listado de deudas '!I18/tc) -> 0 | I17: =+F17+G17+H17 -> 0 | J17: =IF('Listado de deudas '!$D18="Dólares",'Listado de deudas '!K18,'Listado de deudas '!K18/tc) -> 0 | K17: =+'Listado de deudas '!L18 -> 0 | L17: =+'Listado de deudas '!M18 -> 0 | M17: =+K17-L17 -> 0 | N17: =+L17/K17 -> #DIV/0!
A18: =+'Listado de deudas '!A19 -> 8 | B18: =+'Listado de deudas '!B19 -> Xxxx | C18: =+'Listado de deudas '!C19 -> 0 | D18: =IF('Listado de deudas '!$D19="Dólares",'Listado de deudas '!E19,'Listado de deudas '!E19/tc) -> 0 | E18: =+'Listado de deudas '!F19 -> 0 | F18: =IF('Listado de deudas '!$D19="Dólares",'Listado de deudas '!G19,'Listado de deudas '!G19/tc) -> 0 | G18: =IF('Listado de deudas '!$D19="Dólares",'Listado de deudas '!H19,'Listado de deudas '!H19/tc) -> 0 | H18: =IF('Listado de deudas '!$D19="Dólares",'Listado de deudas '!I19,'Listado de deudas '!I19/tc) -> 0 | I18: =+F18+G18+H18 -> 0 | J18: =IF('Listado de deudas '!$D19="Dólares",'Listado de deudas '!K19,'Listado de deudas '!K19/tc) -> 0 | K18: =+'Listado de deudas '!L19 -> 0 | L18: =+'Listado de deudas '!M19 -> 0 | M18: =+K18-L18 -> 0 | N18: =+L18/K18 -> #DIV/0!
A19: =+'Listado de deudas '!A20 -> 9 | B19: =+'Listado de deudas '!B20 -> Xxxx | C19: =+'Listado de deudas '!C20 -> 0 | D19: =IF('Listado de deudas '!$D20="Dólares",'Listado de deudas '!E20,'Listado de deudas '!E20/tc) -> 0 | E19: =+'Listado de deudas '!F20 -> 0 | F19: =IF('Listado de deudas '!$D20="Dólares",'Listado de deudas '!G20,'Listado de deudas '!G20/tc) -> 0 | G19: =IF('Listado de deudas '!$D20="Dólares",'Listado de deudas '!H20,'Listado de deudas '!H20/tc) -> 0 | H19: =IF('Listado de deudas '!$D20="Dólares",'Listado de deudas '!I20,'Listado de deudas '!I20/tc) -> 0 | I19: =+F19+G19+H19 -> 0 | J19: =IF('Listado de deudas '!$D20="Dólares",'Listado de deudas '!K20,'Listado de deudas '!K20/tc) -> 0 | K19: =+'Listado de deudas '!L20 -> 0 | L19: =+'Listado de deudas '!M20 -> 0 | M19: =+K19-L19 -> 0 | N19: =+L19/K19 -> #DIV/0!
A20: =+'Listado de deudas '!A21 -> 10 | B20: =+'Listado de deudas '!B21 -> Xxxx | C20: =+'Listado de deudas '!C21 -> 0 | D20: =IF('Listado de deudas '!$D21="Dólares",'Listado de deudas '!E21,'Listado de deudas '!E21/tc) -> 0 | E20: =+'Listado de deudas '!F21 -> 0 | F20: =IF('Listado de deudas '!$D21="Dólares",'Listado de deudas '!G21,'Listado de deudas '!G21/tc) -> 0 | G20: =IF('Listado de deudas '!$D21="Dólares",'Listado de deudas '!H21,'Listado de deudas '!H21/tc) -> 0 | H20: =IF('Listado de deudas '!$D21="Dólares",'Listado de deudas '!I21,'Listado de deudas '!I21/tc) -> 0 | I20: =+F20+G20+H20 -> 0 | J20: =IF('Listado de deudas '!$D21="Dólares",'Listado de deudas '!K21,'Listado de deudas '!K21/tc) -> 0 | K20: =+'Listado de deudas '!L21 -> 0 | L20: =+'Listado de deudas '!M21 -> 0 | M20: =+K20-L20 -> 0 | N20: =+L20/K20 -> #DIV/0!
A21: TOTALES | D21: =SUM(D11:D20) -> 0 | F21: =SUM(F11:F20) -> 0 | G21: =SUM(G11:G20) -> 0 | H21: =SUM(H11:H20) -> 0 | I21: =SUM(I11:I20) -> 0 | J21: =SUM(J11:J20) -> 0
A24: BAC presenta esta información con fines exclusivamente educativos e informativos como una serie de recomendaciones no técnicas para las pymes de Guatemala, El Salvador, Honduras, Nicaragua, Costa Rica y Panamá. Este contenido no constituye asesoría legal, tributaria, comercial, financiera ni de ninguna otra naturaleza. BAC no otorga garantías sobre la exactitud, integridad o actualidad de la información y no asume responsabilidad alguna por las decisiones o acciones adoptadas con base en este documento. La consulta o utilización de este material no implica la aprobación, precalificación ni el otorgamiento de productos o servicios financieros por parte de BAC. La contratación o adquisición de cualquier producto o servicio financiero estará sujeta a las políticas, requisitos y evaluaciones aplicables en cada país. Te recomendamos visitar www.baccredomatic.com para conocer más sobre los productos/servicios a los que puedes aplicar.
